 Dungeon Crawl Stone Soup version 0.27.0-1-g7a089689b8 (webtiles) character file.

Game seed: 3237814350277144631

2458 Spaninq the Arsonist (level 9, 0/57 HPs)
             Began as a Formicid Fire Elementalist on Aug 9, 2021.
             Was a Follower of Vehumet.
             Slain by a basilisk (3 damage)
             ... while petrified by a basilisk
             ... on level 7 of the Dungeon.
             The game lasted 00:26:35 (9754 turns).

Spaninq the Arsonist (Formicid Fire Elementalist)   Turns: 9754, Time: 00:26:36

Health: 0/57       AC: 10    Str: 13    XL:     9   Next: 79%
Magic:  17/17      EV:  2    Int: 18    God:    Vehumet [*.....]
Gold:   289        SH:  0    Dex: 11    Spells: 13/19 levels left

rFire    . . .     SeeInvis +   e - +0 dagger
rCold    + . .     Faith    .   (no shield)
rNeg     + + +     Spirit   .   u - +0 steam dragon scales
rPois    ∞         Reflect  .   (helmet unavailable)
rElec    .         Harm     .   g - +1 cloak
rCorr    .         Rampage  .   l - +0 pair of gloves
Will     .....                  i - +1 pair of boots
Stlth    ++........             (no amulet)
HPRegen  0.19/turn              h - ring of protection from cold
MPRegen  0.15/turn              (no ring)

@: petrified
A: permanent stasis, dig shafts and tunnels, antennae 3, four strong arms
a: Dig, Shaft Self, Renounce Religion


You were on level 7 of the Dungeon.
You worshipped Vehumet.
Vehumet was aware of your devotion.
You visited 2 branches of the dungeon, and saw 8 of its levels.

You collected 289 gold pieces.

Inventory:

Hand Weapons
 e - a +0 dagger (weapon)
 f - a +1 broad axe
Missiles
 b - 166 stones
Armour
 g - a +1 cloak (worn)
 i - a +1 pair of boots (worn)
 l - a +0 pair of gloves (worn)
 u - +0 steam dragon scales (worn)
Jewellery
 h - a ring of protection from cold (left hand)
 m - a ring of protection from cold
 p - the amulet of Woqoul {Spirit rF+++ Str-5 Dex+5}
   (You found it on level 6 of the Dungeon)

   [amulet of guardian spirit]

   It causes incoming damage to be divided between your reserves of health and
   magic.
   Str:       It affects your strength (-5).
   Dex:       It affects your dexterity (+5).
   rF:        It renders you almost immune to fire.
Wands
 k - a wand of polymorph (4)
 q - a wand of paralysis (6)
 r - a wand of flame (21)
 x - a wand of acid (7)
Scrolls
 c - a scroll of enchant armour
 s - a scroll of brand weapon {unknown}
 v - a scroll of enchant weapon
Potions
 a - a potion of attraction {unknown}
 d - a potion of invisibility {unknown}
 j - 3 potions of curing
 n - a potion of brilliance {unknown}
 o - a potion of flight {unknown}
 t - 2 potions of mutation {unknown}
 w - a potion of might {unknown}


   Skills:
 - Level 1.7 Dodging
 - Level 2.4 Stealth
 + Level 5.9 Spellcasting
 * Level 7.3 Conjurations
 * Level 8.5 Fire Magic


You had 13 spell levels left.
You knew the following spells:

 Your Spells              Type           Power      Damage    Failure   Level
a - Foxfire               Conj/Fire      100%       2x1d9     1%          1
b - Sticky Flame          Conj/Fire      33%        2d5       4%          4
c - Shock                 Conj/Air       72%        1d7       2%          1

Your spell library contained the following spells:

 Spells                   Type           Power      Damage    Failure   Level
 Conjure Flame            Conj/Fire      33%        6-21      1%          3
 Inner Flame              Hex/Fire       20%        N/A       6%          3
 Fireball                 Conj/Fire      16%        3d8       13%         5
 Frozen Ramparts          Ice            10%        1d3       36%         3
 Ozocubu's Refrigeration  Ice            2%         4d5       100%        7


Dungeon Overview and Level Annotations

Branches:
Dungeon (7/15)             Temple (1/1) D:5

Altars:
Ashenzari
Cheibriados
Dithmenos
Elyvilon
Fedhas
Gozag
Hepliaklqana
Kikubaaqudgha
Makhleb
Nemelex Xobeh
Okawaru
Qazlal
Ru
Sif Muna
Trog
Vehumet
Wu Jian
Xom
Zin

Shops:
D:3 [   D:7 [


Innate Abilities, Weirdness & Mutations

You cannot be hasted, slowed, berserked, paralysed or teleported.
You can dig through walls and to a lower floor.
You have a pair of large antennae on your head. (SInv)
Your four strong arms can wield two-handed weapons with a shield.


Message History

a +0 giant club; an ogre corpse The basilisk gazes at you.
You resist with some effort.
Your limbs are stiffening.
Casting: Foxfire (safe; 1% risk of failure)
Confirm with . or Enter, or press ? or * to list all spells.
You can't see any susceptible monsters within range! (Use Z to cast anyway.)
Casting: Foxfire (safe; 1% risk of failure)
Confirm with . or Enter, or press ? or * to list all spells.
You conjure some foxfire!
You have turned to stone.
The foxfire hits the basilisk!
The basilisk is lightly wounded.
The foxfire hits the basilisk.
The basilisk is moderately wounded.
The basilisk bites you!
The four-headed hydra barely misses you.
The four-headed hydra bites you. The four-headed hydra bites you! x2
The basilisk bites you. The four-headed hydra bites you. x2
The four-headed hydra bites you!
The four-headed hydra bites you but does no damage.
The basilisk bites you but does no damage.
The four-headed hydra bites you but does no damage.
The four-headed hydra bites you. The four-headed hydra bites you!
The four-headed hydra bites you. The basilisk gazes at you.
You resist with some effort. The four-headed hydra bites you!
The four-headed hydra completely misses you.
The four-headed hydra bites you!
* * * LOW HITPOINT WARNING * * *
The four-headed hydra bites you.
* * * LOW HITPOINT WARNING * * *
The basilisk bites you but does no damage.
The four-headed hydra completely misses you.
The four-headed hydra bites you!
* * * LOW HITPOINT WARNING * * *
The four-headed hydra bites you!
* * * LOW HITPOINT WARNING * * *
The four-headed hydra bites you.
* * * LOW HITPOINT WARNING * * *
The basilisk bites you.
You die...

#.#.#.# { #.#.'.#..# ##
#.###'###.#..# ..
#{......l.#..#
##'#########'#####..#
Z..##.#.#.#.#.#.#..# ###
.h.#.#...#.#...#..#
##..##..#.##..#lD.###..#
#....#.##.#...#.@...#..#
+..##.##..'...#)....)..#
#. #.#....###....####..#
# #..##..##.........#..#
#...#####...#.#..##..#
##... #.#.#.#...#..#
#####+#########'#####(.#
....................?..#
...##.##.##.#.######.#.#


You could see a four-headed hydra and a basilisk.

Vanquished Creatures
  Grinder (D:6)
  A vampire (D:6)
  2 steam dragons
  A water moccasin (D:6)
  2 orc warriors (D:7)
  An ice beast (D:7)
  A sky beast (D:7)
  A necrophage (D:7)
  2 ogres
  A centaur (D:5)
  A phantom (D:5)
  A wyvern zombie (D:7)
  A scorpion (D:4)
  A water moccasin skeleton (D:5)
  2 howler monkeys (D:7)
  A centaur zombie (D:6)
  A hound (D:5)
  A jelly (D:5)
  A gnoll shaman (D:5)
  An orc priest (D:7)
  4 iguanas
  2 orc wizards (D:6)
  A howler monkey zombie (D:6)
  13 gnolls
  13 adders
  A river rat (D:5)
  A white imp (D:6)
  2 ufetubi
  An adder skeleton (D:4)
  6 worms
  4 dart slugs
  9 orcs
  4 endoplasms
  6 giant cockroaches
  6 goblins
  7 hobgoblins
  11 jackals
  3 quokkas
  15 ball pythons
  6 bats
  7 frilled lizards
  11 kobolds
  6 rats
163 creatures vanquished.

Vanquished Creatures (collateral kills)
  3 foxfires (D:1)
3 creatures vanquished.

Vanquished Creatures (others)
  3 demonic plants (D:1)
  744 foxfires
  5 fungi (D:1)
  7 plants (D:1)
  4 withered plants (D:1)
763 creatures vanquished.

Grand Total: 929 creatures vanquished

Notes
Turn   | Place    | Note
-------+----------+-------------------------------------------
     0 | D:1      | Spaninq the Formicid Fire Elementalist began the quest for
                  | the Orb.
     0 | D:1      | Reached XP level 1. HP: 13/13 MP: 3/3
    39 | D:1      | Reached skill level 1 in Conjurations
   315 | D:1      | Reached XP level 2. HP: 19/19 MP: 0/5
  1028 | D:1      | Reached XP level 3. HP: 24/24 MP: 4/6
  1246 | D:1      | Found a faded altar of an unknown god.
  1771 | D:2      | Reached XP level 4. HP: 30/30 MP: 2/8
  2096 | D:2      | Found an opulent altar of Gozag.
  2121 | D:2      | Got the Collected Works on the Glacier
  2464 | D:2      | Reached skill level 4 in Fire Magic
  2715 | D:2      | Reached XP level 5. HP: 35/35 MP: 5/9
  2998 | D:3      | Found a sacrificial altar of Ru.
  2998 | D:3      | Found a white marble altar of Elyvilon.
  3047 | D:3      | Found Tonen's Antique Armour Shop.
  3958 | D:3      | Reached XP level 6. HP: 24/41 MP: 5/10
  5456 | D:4      | Found a sparkling altar of Nemelex Xobeh.
  5592 | D:4      | Reached skill level 5 in Fire Magic
  5694 | D:4      | Reached XP level 7. HP: 46/46 MP: 7/12
  5905 | D:5      | Entered Level 5 of the Dungeon
  6342 | D:5      | Found a staircase to the Ecumenical Temple.
  6348 | Temple   | Entered the Ecumenical Temple
  6385 | Temple   | Became a worshipper of Vehumet
  6649 | D:5      | Learned a level 4 spell: Sticky Flame
  6657 | D:5      | Reached XP level 8. HP: 32/52 MP: 7/14
  6842 | D:4      | Reached skill level 6 in Fire Magic
  7434 | D:5      | Reached skill level 5 in Conjurations
  7783 | D:6      | Identified the amulet of Woqoul {Spirit rF+++ Str-5 Dex+5}
  8414 | D:6      | Noticed a vampire
  8428 | D:6      | Noticed Grinder
  8435 | D:6      | Killed Grinder
  8435 | D:6      | Reached * piety under Vehumet
  8435 | D:6      | Offered knowledge of Shock by Vehumet.
  8436 | D:6      | Reached skill level 5 in Spellcasting
  8436 | D:6      | Reached skill level 7 in Fire Magic
  8575 | D:6      | Reached XP level 9. HP: 57/57 MP: 11/16
  8577 | D:6      | Learned a level 1 spell: Shock
  9294 | D:7      | Found Raumaro's Antique Armour Shop.
  9419 | D:7      | Reached skill level 8 in Fire Magic
  9734 | D:7      | Noticed a four-headed hydra
  9754 | D:7      | Slain by a basilisk

Illustrated notes

Levels and vault maps discovered:
D:1:      eino_arrival_water_cross, layout_loops_cross,
          shapermc_ecumenical_altar_gd
D:2:      layout_basic, basic_altar, grunt_ministairs_10,
          kennysheep_generic_room_3
D:3:      minmay_skewed_foursquare, layout_basic,
          mainiacjoe_overflow_divided_tiny, serial_shops, shop, nrook_uturn,
          minmay_misc_feat_alley
D:4:      layout_gridville, nemelex_xobeh_ov_fountains_minmay
D:5:      layout_loops_cross, minmay_temple_entry_hall, portal_sewer_entry_b,
          grunt_ministairs_12
D:6:      layout_basic, uniq_grinder
D:7:      layout_basic, tso_altar, ebering_ghost_disaster_area, serial_shops,
          nicolae_stop_n_shop_2, shop, shop, shop_statue, minmay_the_grid_2x2
          [minmay_the_grid_fan, minmay_the_grid_spikes, minmay_the_grid_doors,
          minmay_the_grid_prize_shrinking_boxes]
Temple:   compressed_dpeg_circular_temple

Skill      XL: |  1  2  3  4  5  6  7  8  9 |
---------------+----------------------------+-----
Conjurations   | 1 2 3 4 6 7 |  7.3
Fire Magic     | 4 5 7 8 |  8.5
Spellcasting   | 3 4 5 |  5.9
Dodging        | |  1.7
Stealth        | |  2.4

Action                   |  1- 3 |  4- 6 |  7- 9 || total
-------------------------+-------+-------+-------++-------
Melee: Unarmed           |     7 |       |       ||     7
       Dagger            |    20 |     7 |    10 ||    37
 Cast: Foxfire           |    66 |   194 |   184 ||   444
       Sticky Flame      |       |       |    11 ||    11
 Abil: Dig               |     1 |       |       ||     1
  Use: Scroll            |       |     7 |     3 ||    10
Armor: Robe              |    18 |     6 |     9 ||    33
       Steam dragon scal |       |       |    16 ||    16
Dodge: Dodged            |    39 |    14 |    43 ||    96
